Cogmind - Beta 11.1 @@@ ROGUE MODE // 2022.10.15 @ 12:30:13 Player: lumberblack Result: Escaped! Performance ------------- Evolutions (9) 4500 Regions Visited (12) 2400 Robots Destroyed (6) 30 Value Destroyed (218) 218 Prototype IDs (4) 80 Alien Tech Used (0) 0 Bonus (28896) 28896 TOTAL SCORE: 36124 Bonus ------- Pacifist 1325 Entered DSFs 1000 Win 3000 Win Speed 23571 Cogmind --------- Core Integrity 832/1600 Matter 197/300 Energy 95/100 System Corruption 1% Temperature Cool (0) Movement Core (50) Location To Epsilon Eridani Parts ------- > --- POWER (2) -------- (None) > --- PROPULSION (10) -- (None) > --- UTILITY (11) ----- Advanced Coolant Injector Machine Analyzer Advanced Visual Processing Unit Hacking Suite Improved Hacking Suite > --- WEAPON (2) ------- (None) > --- INVENTORY (5) ---- Quantum Reactor Quantum Reactor Advanced Coolant Injector Heavy Rocket Launcher Peak State ------------ > --- POWER ------------ Particle Reactor Quantum Reactor > --- PROPULSION ------- Field Propulsion Array Field Propulsion Array Field Propulsion Array Field Propulsion Array Field Propulsion Array > --- UTILITY ---------- Advanced Coolant Injector Machine Analyzer Advanced Visual Processing Unit Advanced Sensor Array Experimental Signal Interpreter Advanced Transmission Jammer Improved Cloaking Device Layered Heavy Armor Plating Hacking Suite Hacking Suite > --- WEAPON ----------- Enhanced Nova Cannon > --- INVENTORY -------- Quantum Reactor Quantum Reactor Advanced Coolant Injector Heavy Rocket Launcher [Rating: 156] Favorites ----------- Power Quantum Reactor Engine Light Deuterium Engine Reactor Quantum Reactor Propulsion Field Propulsion Array Treads Light Treads Hover Unit Improved Gyrokinetic Inverter Flight Unit Field Propulsion Array Utility Hacking Suite Device Improved Cloaking Device Storage Compact Battery Processor Advanced Visual Processing Unit Hackware Hacking Suite Protection Layered Heavy Armor Plating Weapon Greatsword Energy Cannon Enhanced Nova Cannon Launcher Heavy Rocket Launcher Slashing Weapon Greatsword Build | -11 -10 -9 -8 -7 -7 -6 -5 -5 -4 -3 -2 -1 ------- Run | Scr Mat Mat Mat Fac DSF Fac Fac DSF Fac Res Res Acc Slots Evolved 18 | . . 2 2 2 . 2 2 . 2 2 2 2 Power 1 | . . . . . . . . . . 1 . . Propulsion 8 | . . 1 1 1 . 1 1 . 1 . . 2 Utility 9 | . . 1 1 1 . 1 1 . 1 1 2 . Weapon . | . . . . . . . . . . . . . Parts Attached 44 | . 2 . 2 . 1 2 . 4 1 12 12 8 Power 5 | . . . . . . . . . . 1 2 2 Engine 1 | . . . . . . . . . . 1 . . Core . | . . . . . . . . . . . . . Reactor 4 | . . . . . . . . . . . 2 2 Propulsion 12 | . 2 . 1 . . . . . 1 7 . 1 Treads 2 | . 2 . . . . . . . . . . . Leg . | . . . . . . . . . . . . . Wheel . | . . . . . . . . . . . . . Hover 1 | . . . . . . . . . 1 . . . Flight 9 | . . . 1 . . . . . . 7 . 1 Utility 21 | . . . 1 . . 2 . 4 . 3 8 3 Device 7 | . . . . . . . . . . 1 4 2 Storage 2 | . . . . . . . . . . 2 . . Processor 4 | . . . 1 . . 1 . . . . 2 . Hackware 6 | . . . . . . 1 . 4 . . . 1 Protection 2 | . . . . . . . . . . . 2 . Artifact . | . . . . . . . . . . . . . Weapon 6 | . . . . . 1 . . . . 1 2 2 Energy Gun . | . . . . . . . . . . . . . Energy Cannon 2 | . . . . . . . . . . . . 2 Ballistic Gun . | . . . . . . . . . . . . . Ballistic Cannon . | . . . . . . . . . . . . . Launcher 1 | . . . . . . . . . . . 1 . Special Weapon . | . . . . . . . . . . . . . Impact Weapon . | . . . . . . . . . . . . . Slashing Weapon 3 | . . . . . 1 . . . . 1 1 . Piercing Weapon . | . . . . . . . . . . . . . Special Melee Weapon . | . . . . . . . . . . . . . Unidentified Prototypes 4 | . . . 1 . . . . . . 1 1 1 Parts Lost 19 | . . . . . . . . 1 1 . 2 15 Power 3 | . . . . . . . . . . . 1 2 Propulsion 6 | . . . . . . . . 1 . . . 5 Utility 8 | . . . . . . . . . 1 . 1 6 Weapon 2 | . . . . . . . . . . . . 2 Highest Loss Streak 13 | . . . . . . . . 1 1 . 1 13 To Critical Strikes . | . . . . . . . . . . . . . Average Slot Usage (%) 52 | . 14 22 26 15 19 30 . 46 39 60 70 62 Engine 1 | . . . . . . . . . . 3 2 . Reactor 2 | . . . . . . . . . . . 3 6 Treads 2 | . 14 22 18 . . . . . . . . . Flight 11 | . . . . 7 7 6 . 2 . 14 17 17 Device 5 | . . . . . . . . . . 2 5 13 Storage 2 | . . . . . . . . . . 6 5 . Processor 9 | . . . 8 7 7 12 . 11 10 9 10 11 Hackware 11 | . . . . . . 4 . 29 25 19 15 9 Protection 1 | . . . . . . . . . . . 3 2 Slashing Weapon 2 | . . . . . 3 6 . 2 . 2 3 . Naked Turns 22 | . 22 . . . . . . . . . . . Heaviest Build 75 | . . . . . 5 5 5 5 . 17 60 75 Greatest Support 75 | 3 3 3 5 5 5 5 5 5 3 60 60 75 Greatest Overweight (x) . | . . . . . . . . . . . . . Average Overweight (x) . | . . . . . . . . . . . . . Largest Inventory Capacity 5 | . 5 5 5 5 5 5 5 5 5 5 5 5 Average Capacity 5 | . 5 5 5 5 5 5 5 5 5 5 5 5 Most Carried 5 | . 5 3 4 4 5 5 5 5 5 5 5 5 Average Carried 4 | . 3 2 3 4 4 4 5 5 5 3 4 4 Final Capacity 5 | 5 5 5 5 5 5 5 5 5 5 5 5 5 Final Carried 5 | 5 2 3 4 4 5 5 5 5 5 5 5 4 Class Distribution -------------------- 32% | Hacker-Sprinter 26% | Mutant 22% | Hacker-Scout 14% | Hacker-Mutant 4% | Hacker-Ninja Dominant Class ---------------- Mutant | -10/Materials Mutant | -9/Materials Mutant | -8/Materials Mutant | -7/Factory Mutant | -7/DSF Mutant | -6/Factory Mutant | -5/Factory Mutant | -5/DSF Hacker-Mutant | -4/Factory Hacker-Sprinter | -3/Research Hacker-Sprinter | -2/Research Hacker-Scout | -1/Access Resources | -11 -10 -9 -8 -7 -7 -6 -5 -5 -4 -3 -2 -1 ----------- Run | Scr Mat Mat Mat Fac DSF Fac Fac DSF Fac Res Res Acc Matter Collected 535 | 200 . . 91 . . 29 . . . . 56 159 Remotely . | . . . . . . . . . . . . . Salvage Created 282 | . . . . . . 29 . . . . 101 152 Parts 15 | . . . . . . 2 . . . . 9 4 Haulers Intercepted . | . . . . . . . . . . . . . Recyclers Shooed . | . . . . . . . . . . . . . Parts Field Recycled . | . . . . . . . . . . . . . Retrieved Matter . | . . . . . . . . . . . . . Parts Self-Destructed . | . . . . . . . . . . . . . Prevented . | . . . . . . . . . . . . . Kills | -11 -10 -9 -8 -7 -7 -6 -5 -5 -4 -3 -2 -1 ------- Run | Scr Mat Mat Mat Fac DSF Fac Fac DSF Fac Res Res Acc Combat Hostiles Destroyed 3 | . . . . . . . . . . . 3 . AOE 3 | . . . . . . . . . . . 3 . Classes Destroyed 3 | . . . . . . 1 . . . . 1 1 Recycler 1 | . . . . . . . . . . . . 1 Watcher 2 | . . . . . . 1 . . . . 1 . Swarmer 3 | . . . . . . . . . . . 3 . Best Kill Streak 3 | . . . . . . 1 . . . . 3 1 Combat Bots Only 3 | . . . . . . . . . . . 3 . Max Kills in Single Turn 2 | . . . . . . 1 . . . . 2 1 Gunslinging . | . . . . . . . . . . . . . Exploded 2 | . . . . . . . . . . . 2 . Melee . | . . . . . . . . . . . . . Uniques/NPCs Destroyed . | . . . . . . . . . . . . . Combat | -11 -10 -9 -8 -7 -7 -6 -5 -5 -4 -3 -2 -1 -------- Run | Scr Mat Mat Mat Fac DSF Fac Fac DSF Fac Res Res Acc Damage Taken 3574 | . . 46 255 . 20 60 . 68 92 . 1031 2002 Core 952 | . . 11 43 . . 15 . . 69 . 46 768 Absorbed by Shields . | . . . . . . . . . . . . . Core Remaining (%) 93 | 100 100 97 92 . 100 98 . 100 94 100 96 52 Volleys Fired 17 | . . . . . . . . . . . 5 12 Largest 1 | . . . . . . . . . . . 1 1 Hottest 120 | . . . . . . . . . . . 39 120 Shots Fired 17 | . . . . . . . . . . . 5 12 Gun . | . . . . . . . . . . . . . Cannon 12 | . . . . . . . . . . . . 12 Launcher 5 | . . . . . . . . . . . 5 . Special . | . . . . . . . . . . . . . Kinetic . | . . . . . . . . . . . . . Thermal 12 | . . . . . . . . . . . . 12 Explosive 5 | . . . . . . . . . . . 5 . Electromagnetic . | . . . . . . . . . . . . . Robot Hit Streak 3 | . . . . . . . . . . . 1 3 Robot Miss Streak 1 | . . . . . . . . . . . 1 1 Penetration Max . | . . . . . . . . . . . . . Secondary Targets . | . . . . . . . . . . . . . Shots Hit Robots 11 | . . . . . . 1 . . . . 7 3 Core Hits 11 | . . . . . . 1 . . . . 9 1 Critical Kills . | . . . . . . . . . . . . . Critical Parts Destroyed . | . . . . . . . . . . . . . Critical Strikes 1 | . . . . . . . . . . . 1 . Sever 1 | . . . . . . . . . . . 1 . Melee Attacks 29 | . . . . . . 2 . . . 8 19 . Impact . | . . . . . . . . . . . . . Slashing 29 | . . . . . . 2 . . . 8 19 . Piercing . | . . . . . . . . . . . . . Sneak Attacks . | . . . . . . . . . . . . . Combat Hostiles . | . . . . . . . . . . . . . Follow-up Attacks . | . . . . . . . . . . . . . Damage Inflicted 953 | . . . 3 . . 59 . . . . 763 128 Guns . | . . . . . . . . . . . . . Cannons 128 | . . . . . . . . . . . . 128 Explosions 455 | . . . . . . . . . . . 455 . Melee 367 | . . . . . . 59 . . . . 308 . Ramming 3 | . . . 3 . . . . . . . . . Kinetic . | . . . . . . . . . . . . . Thermal 128 | . . . . . . . . . . . . 128 Explosive 455 | . . . . . . . . . . . 455 . Electromagnetic . | . . . . . . . . . . . . . Impact . | . . . . . . . . . . . . . Slashing 367 | . . . . . . 59 . . . . 308 . Piercing . | . . . . . . . . . . . . . Highest Corruption 5 | . . . . . . . . . . 5 . 1 Average Corruption 2 | . . . . . . . . . . 5 . 1 Corruption Purged . | . . . . . . . . . . . . . Corruption Blocked . | . . . . . . . . . . . . . Effects 4 | . . . . . . . . . . 3 . 1 Message Errors 2 | . . . . . . . . . . 1 . 1 Heat Flow Errors 1 | . . . . . . . . . . 1 . . Data Loss (minor) 1 | . . . . . . . . . . 1 . . Overload Shots . | . . . . . . . . . . . . . Overflow Damage 32 | . . . . . . . . . . . 21 11 Projectiles 11 | . . . . . . . . . . . . 11 Explosions 7 | . . . . . . . . . . . 7 . Melee 14 | . . . . . . . . . . . 14 . Knockbacks . | . . . . . . . . . . . . . Impact . | . . . . . . . . . . . . . Kinetic . | . . . . . . . . . . . . . Secondary . | . . . . . . . . . . . . . Self-Inflicted Damage . | . . . . . . . . . . . . . Shots . | . . . . . . . . . . . . . Rammed 1 | . . . 1 . . . . . . . . . Targets Rammed 1 | . . . 1 . . . . . . . . . Kicked . | . . . . . . . . . . . . . Crushed . | . . . . . . . . . . . . . Highest Temperature 226 | . . . 5 . . . . . . 122 180 226 Average Temperature 113 | . . . 5 . . . . . . 62 67 132 Received Heat Transfer 369 | . . 18 153 . . . . . 18 . 99 81 Siege Activations . | . . . . . . . . . . . . . Robots Corrupted . | . . . . . . . . . . . . . Combat Hostiles . | . . . . . . . . . . . . . Parts Fried . | . . . . . . . . . . . . . Impact Corruptions . | . . . . . . . . . . . . . Robots Melted . | . . . . . . . . . . . . . Combat Hostiles . | . . . . . . . . . . . . . Parts Melted . | . . . . . . . . . . . . . Heat Transferred 111 | . . . . . . . . . . . . 111 Parts Sabotaged . | . . . . . . . . . . . . . Parts Stolen . | . . . . . . . . . . . . . Parts Stripped . | . . . . . . . . . . . . . Power Chain Reactions . | . . . . . . . . . . . . . Missiles Intercepted . | . . . . . . . . . . . . . Alert | -11 -10 -9 -8 -7 -7 -6 -5 -5 -4 -3 -2 -1 ------- Run | Scr Mat Mat Mat Fac DSF Fac Fac DSF Fac Res Res Acc Peak Influence 649 | . 9 54 136 66 46 78 37 25 17 146 500 649 Initial 267 | . . 3 22 61 46 23 37 25 7 8 20 267 Average 181 | . 5 28 48 62 46 55 37 21 9 70 194 414 Maximum Alert Level 2 | . . . . . . . . . . . 2 2 Low Security (%) 60 | . 100 100 100 100 100 100 100 100 100 100 51 . Level 1 21 | . . . . . . . . . . . 31 50 Level 2 17 | . . . . . . . . . . . 17 49 Level 3 . | . . . . . . . . . . . . . Level 4 . | . . . . . . . . . . . . . Level 5 . | . . . . . . . . . . . . . High Security . | . . . . . . . . . . . . . Max Security . | . . . . . . . . . . . . . Squads Dispatched 12 | . . 1 3 . 1 . . . . 1 3 3 Investigation 6 | . . . 1 . . . . . . 1 1 3 Extermination . | . . . . . . . . . . . . . Reinforcement 6 | . . 1 2 . 1 . . . . . 2 . Assault . | . . . . . . . . . . . . . Garrison . | . . . . . . . . . . . . . Intercept . | . . . . . . . . . . . . . Searches Triggered 2 | . . . . . . . . . . . 1 1 Construction Impeded . | . . . . . . . . . . . . . Haulers Reinforced . | . . . . . . . . . . . . . Active Scanning Responses . | . . . . . . . . . . . . . Cargo Convoy Interrupts . | . . . . . . . . . . . . . Stealth | -11 -10 -9 -8 -7 -7 -6 -5 -5 -4 -3 -2 -1 --------- Run | Scr Mat Mat Mat Fac DSF Fac Fac DSF Fac Res Res Acc Distress Signals 3 | . . . 1 . . . . . . 1 . 1 Communications Jammed 49 | . . . . . . . . . . . 37 12 Distress Signals 49 | . . . . . . . . . . . 37 12 Times Spotted 104 | . . 3 19 . 4 4 . 1 1 9 40 23 Peak Tracking Total 13 | . . 2 12 . 4 3 . 1 1 6 13 10 Tactical Retreats 18 | . . . 4 . . . . . . 3 6 5 Traps | -11 -10 -9 -8 -7 -7 -6 -5 -5 -4 -3 -2 -1 ------- Run | Scr Mat Mat Mat Fac DSF Fac Fac DSF Fac Res Res Acc Traps Triggered 4 | . . 1 . . 1 . . . . 1 . 1 Indirectly . | . . . . . . . . . . . . . Trap Hack Attempts . | . . . . . . . . . . . . . Triggered . | . . . . . . . . . . . . . Disarmed . | . . . . . . . . . . . . . Reprogrammed 6 | . . . 6 . . . . . . . . . Reused 1 | . . . 1 . . . . . . . . . Traps Extracted . | . . . . . . . . . . . . . Installed . | . . . . . . . . . . . . . Triggered 1 | . . . 1 . . . . . . . . . Machines | -11 -10 -9 -8 -7 -7 -6 -5 -5 -4 -3 -2 -1 ---------- Run | Scr Mat Mat Mat Fac DSF Fac Fac DSF Fac Res Res Acc Machines Disabled 1 | . . . . . . . . . . . . 1 Max in Single Turn 1 | . . . . . . . . . . . . 1 Garrison Access 2 | . . . . . . . . . . . 1 1 Machines Sabotaged . | . . . . . . . . . . . . . Garrisons Compromised . | . . . . . . . . . . . . . Overloaded Fab Kills . | . . . . . . . . . . . . . Hacking | -11 -10 -9 -8 -7 -7 -6 -5 -5 -4 -3 -2 -1 --------- Run | Scr Mat Mat Mat Fac DSF Fac Fac DSF Fac Res Res Acc Machines Accessed 26 | . 2 1 1 2 . 3 1 . 2 4 5 5 Terminals 22 | . 2 1 1 2 . 3 1 . 2 3 3 4 Fabricators 2 | . . . . . . . . . . 1 1 . Repair Stations . | . . . . . . . . . . . . . Recycling Units . | . . . . . . . . . . . . . Scanalyzers . | . . . . . . . . . . . . . Garrison Access 2 | . . . . . . . . . . . 1 1 Total Hacks 73 | . 9 2 5 5 . 8 1 . 6 17 10 10 Successful 31 | . 2 2 4 2 . 2 1 . 5 7 4 2 Failed 42 | . 7 . 1 3 . 6 . . 1 10 6 8 Catastrophic 5 | . . . . . . . . . . 2 1 2 Database Lockouts . | . . . . . . . . . . . . . Manual 37 | . 9 2 5 . . . . . 4 14 2 1 Terminals 67 | . 9 2 5 5 . 8 1 . 6 16 6 9 Fabricators 3 | . . . . . . . . . . 1 2 . Repair Stations . | . . . . . . . . . . . . . Recycling Units . | . . . . . . . . . . . . . Scanalyzers . | . . . . . . . . . . . . . Garrison Access 3 | . . . . . . . . . . . 2 1 Terminal Hacks 23 | . 2 1 4 2 . 2 1 . 4 4 2 1 Open DSF 2 | . . . . 1 . . 1 . . . . . Level Access Points 5 | . 1 . . . . 1 . . 1 1 1 . Branch Access Points 1 | . . . . . . . . . . . . 1 Terminal Index 7 | . 1 1 2 1 . . . . 1 1 . . Repair Station Index 1 | . . . . . . . . . 1 . . . Recycling Unit Index 1 | . . . . . . . . . 1 . . . Unreport Threat 4 | . . . 1 . . . . . . 2 1 . Locate Traps 1 | . . . . . . 1 . . . . . . Reprogram Traps 1 | . . . 1 . . . . . . . . . Fabricator Hacks 1 | . . . . . . . . . . . 1 . Network Status 1 | . . . . . . . . . . . 1 . Repair Station Hacks . | . . . . . . . . . . . . . Recycling Unit Hacks . | . . . . . . . . . . . . . Scanalyzer . | . . . . . . . . . . . . . Garrison Access Hacks 2 | . . . . . . . . . . . 1 1 Seal Access 2 | . . . . . . . . . . . 1 1 Unauthorized Hacks 5 | . . 1 . . . . . . 1 3 . . Terminals 5 | . . 1 . . . . . . 1 3 . . Assimilate 1 | . . . . . . . . . . 1 . . Botnet 3 | . . 1 . . . . . . 1 1 . . Disrupt 1 | . . . . . . . . . . 1 . . Fabricators . | . . . . . . . . . . . . . Repair Stations . | . . . . . . . . . . . . . Recycling Units . | . . . . . . . . . . . . . Scanalyzers . | . . . . . . . . . . . . . Garrison Access . | . . . . . . . . . . . . . Data Cores Recovered . | . . . . . . . . . . . . . Used . | . . . . . . . . . . . . . Hacking Detections 22 | . 2 1 1 1 . 3 . . 2 4 4 4 Full Trace Events 4 | . . . . . . . . . . . 1 3 Feedback Events 3 | . . . . . . . . . . . . 3 Corruption 1 | . . . . . . . . . . . . 1 Hackware Fried 2 | . . . . . . . . . . . . 2 Feedback Blocked . | . . . . . . . . . . . . . Robot Schematics Acquired . | . . . . . . . . . . . . . Robots Built . | . . . . . . . . . . . . . Authchips . | . . . . . . . . . . . . . Time . | . . . . . . . . . . . . . Total Robot Build Rating . | . . . . . . . . . . . . . Part Schematics Acquired . | . . . . . . . . . . . . . Parts Built . | . . . . . . . . . . . . . Authchips . | . . . . . . . . . . . . . Time . | . . . . . . . . . . . . . Total Part Build Rating . | . . . . . . . . . . . . . Parts Repaired . | . . . . . . . . . . . . . Time . | . . . . . . . . . . . . . Parts Recycled . | . . . . . . . . . . . . . Recycled Matter . | . . . . . . . . . . . . . Retrieved Matter . | . . . . . . . . . . . . . Retrieved Components . | . . . . . . . . . . . . . Parts Scanalyzed . | . . . . . . . . . . . . . Part Schematics Acquired . | . . . . . . . . . . . . . Parts Damaged . | . . . . . . . . . . . . . Bothacking | -11 -10 -9 -8 -7 -7 -6 -5 -5 -4 -3 -2 -1 ------------ Run | Scr Mat Mat Mat Fac DSF Fac Fac DSF Fac Res Res Acc Used RIF Installer . | . . . . . . . . . . . . . Robots Hacked . | . . . . . . . . . . . . . Non-combat . | . . . . . . . . . . . . . Combat . | . . . . . . . . . . . . . Robot Hacks Applied . | . . . . . . . . . . . . . Relay Couplers Released . | . . . . . . . . . . . . . Fabnet Peak Effective % . | . . . . . . . . . . . . . Robots Rewired . | . . . . . . . . . . . . . Allies Hacked . | . . . . . . . . . . . . . Hacks Repelled . | . . . . . . . . . . . . . Allies | -11 -10 -9 -8 -7 -7 -6 -5 -5 -4 -3 -2 -1 -------- Run | Scr Mat Mat Mat Fac DSF Fac Fac DSF Fac Res Res Acc Total Allies 1 | . . . . . . . . . . 1 . . Largest Group 1 | . . . . . . . . . . 1 . . Highest-Rated Group 10 | . . . . . . . . . . 10 . . Highest-Rated Ally 10 | . . . . . . . . . . 10 . . Total Orders . | . . . . . . . . . . . . . Ally Attacks . | . . . . . . . . . . . . . Total Damage . | . . . . . . . . . . . . . Kills . | . . . . . . . . . . . . . Allies Corrupted . | . . . . . . . . . . . . . Allies Melted . | . . . . . . . . . . . . . Intel | -11 -10 -9 -8 -7 -7 -6 -5 -5 -4 -3 -2 -1 ------- Run | Scr Mat Mat Mat Fac DSF Fac Fac DSF Fac Res Res Acc Robot Analysis Total . | . . . . . . . . . . . . . Derelict Logs Recovered . | . . . . . . . . . . . . . Drone Launches . | . . . . . . . . . . . . . Drone Recoveries . | . . . . . . . . . . . . . Exploration | -11 -10 -9 -8 -7 -7 -6 -5 -5 -4 -3 -2 -1 ------------- Run | Scr Mat Mat Mat Fac DSF Fac Fac DSF Fac Res Res Acc Turns Passed 1049 | . 43 42 91 8 17 88 1 23 60 116 284 276 Spaces Moved 2355 | 1 74 82 172 23 34 222 3 41 116 190 618 779 Core 555 | 1 74 82 159 . . . . 15 116 52 . 56 Treads . | . . . . . . . . . . . . . Legs . | . . . . . . . . . . . . . Wheels . | . . . . . . . . . . . . . Hover . | . . . . . . . . . . . . . Flight 1800 | . . . 13 23 34 222 3 26 . 138 618 723 Fastest Speed 28 | 50 50 50 35 35 35 35 35 35 50 28 31 28 Average Speed 35 | 50 50 50 48 35 35 35 35 40 50 35 31 29 Slowest Speed 50 | 50 50 50 50 35 35 35 35 50 50 50 31 50 Overloaded Moves . | . . . . . . . . . . . . . Propulsion Burnouts . | . . . . . . . . . . . . . Robots Hopped 26 | . . . 3 . . 8 . . . . 6 9 Cave-ins Triggered . | . . . . . . . . . . . . . Exploration Rate (%) 21 | 2 24 13 35 2 47 12 . 50 3 10 29 32 Regions Visited 12 Branch Regions . Pre-discovered Areas . | . . . . . . . . . . . . . Known Exits Taken 7 | . 1 . . 1 . 1 1 . 1 1 1 . Unknown Exits Taken 3 | 1 . 1 1 . . . . . . . . . Scrap Searched . | . . . . . . . . . . . . . Spaces Dug 34 | . . . . . . 1 . . . 8 23 2 Terrain Destroyed 55 | . . . . . . 1 . . . 8 43 3 Melee 22 | . . . . . . 1 . . . 8 13 . Projectile 3 | . . . . . . . . . . . . 3 AOE 30 | . . . . . . . . . . . 30 . Terrain Rammed . | . . . . . . . . . . . . . Walls Destroyed . | . . . . . . . . . . . . . Machines Disabled . | . . . . . . . . . . . . . Actions | -11 -10 -9 -8 -7 -7 -6 -5 -5 -4 -3 -2 -1 --------- Run | Scr Mat Mat Mat Fac DSF Fac Fac DSF Fac Res Res Acc Total 2457 | . 80 82 174 22 38 219 2 45 116 219 660 800 Wait 9 | . . . . . . . . . . 4 . 5 Move 2291 | . 73 81 166 22 33 205 2 40 115 189 605 760 Hop 25 | . . . 2 . . 8 . . . . 6 9 Pick Up 13 | . 2 1 1 . 2 1 . . . 2 3 1 Fast Attach 34 | . . . 2 . 1 2 . 4 1 9 10 5 Attach 9 | . 2 . . . . . . . . 3 1 3 Detach 2 | . . . . . . . . . . . 1 1 Swap 2 | . . . . . . . . . . . 1 1 Drop 25 | . 3 . 2 . 2 1 . 1 . 4 9 3 Fire 17 | . . . . . . . . . . . 5 12 Melee 29 | . . . . . . 2 . . . 8 19 . Ram . | . . . . . . . . . . . . . Kick . | . . . . . . . . . . . . . Crush 1 | . . . 1 . . . . . . . . . Escape Stasis . | . . . . . . . . . . . . . Rewire . | . . . . . . . . . . . . . Trap . | . . . . . . . . . . . . . Miscellaneous . | . . . . . . . . . . . . . Route ------- -11/Scrapyard -10/Materials (discovered 3 exits: *Mat x3) -9/Materials -8/Materials -7/Factory -7/DSF -6/Factory (discovered 4 exits: *Fac x4) -5/Factory -5/DSF -4/Factory (discovered 4 exits: *Res x4) -3/Research (discovered 4 exits: *Res x3 / [*Tes]) -2/Research (discovered 4 exits: *Acc x3 / *Qua) -1/Access (discovered 2 exits: [*Sur] / Com) To Epsilon Eridani History --------- Turn | Location | Event 1 | -11/Scrapyard | Released all parts (6) 1 | -11/Scrapyard | Discovered new exit (range 0) 1 | -11/Scrapyard | Entered Materials 20 | -10/Materials | Identified exit to Materials 44 | -10/Materials | Entered another Materials area 44 | -9/Materials | Evolved 2 slots: Propulsion x1, Utility x1 79 | -9/Materials | Discovered new exit (range 16) 86 | -9/Materials | Entered another Materials area 86 | -8/Materials | Evolved 2 slots: Propulsion x1, Utility x1 163 | -8/Materials | Discovered new exit (range 20) 177 | -8/Materials | Entered Factory 177 | -7/Factory | Evolved 2 slots: Propulsion x1, Utility x1 185 | -7/Factory | Identified exit to DSF 185 | -7/Factory | Entered DSF 190 | -7/DSF | Discovered new exit (range 19) 202 | -7/DSF | Entered Factory 202 | -6/Factory | Evolved 2 slots: Propulsion x1, Utility x1 219 | -6/Factory | Identified exit to Factory 290 | -6/Factory | Entered another Factory area 290 | -5/Factory | Evolved 2 slots: Propulsion x1, Utility x1 291 | -5/Factory | Identified exit to DSF 291 | -5/Factory | Entered DSF 305 | -5/DSF | Discovered new exit (range 19) 314 | -5/DSF | Entered Factory 314 | -4/Factory | Evolved 2 slots: Propulsion x1, Utility x1 350 | -4/Factory | Identified exit to Research 374 | -4/Factory | Entered Research 374 | -3/Research | Evolved 2 slots: Power x1, Utility x1 474 | -3/Research | Identified exit to Research 490 | -3/Research | Discovered new exit (range 12) 490 | -3/Research | Entered another Research area 490 | -2/Research | Evolved 2 slots: Utility x2 515 | -2/Research | Found Hvy. Reflective Plating 528 | -2/Research | Found Prototype Processor 528 | -2/Research | Identified Exp. Signal Interpreter 591 | -2/Research | Spotted B-90 Cyclops 669 | -2/Research | Discovered new exit (range 5) 672 | -2/Research | Identified exit to Quarantine 697 | -2/Research | Build established: Hacker-Sprinter 715 | -2/Research | Spotted B-90 Cyclops 718 | -2/Research | Identified exit to Access 740 | -2/Research | Search patrols dispatched 760 | -2/Research | Spotted B-90 Cyclops 774 | -2/Research | Entered Access 774 | -1/Access | Evolved 2 slots: Propulsion x2 795 | -1/Access | Spotted B-99 Colossus 805 | -1/Access | Hacking Suite fried by hacking feedback 852 | -1/Access | Spotted B-99 Colossus 998 | -1/Access | Identified exit to Command 998 | -1/Access | Hacking Suite fried by hacking feedback 1000 | -1/Access | Spotted B-99 Colossus 1000 | -1/Access | Spotted B-99 Colossus 1024 | -1/Access | Search patrols dispatched 1047 | -1/Access | Discovered new exit (range 4) 1050 | *** | Escaped! Last Messages --------------- 01023_ Slug penetrates Wall. 01024_ ALERT: Heightened foreign activity detected, multiple search patrols dispatched. 01025_ Knocked back. 01025_ Penetrated by Slug. 01025_ Slug penetrates B-99 Colossus. 01025_ Penetrated by Slug. 01025_ Slug penetrates B-99 Colossus. 01027_ Slug penetrates Sealed Heavy Doors. 01027_ Penetrated by Slug. 01027_ Slug penetrates Sealed Heavy Doors. 01047_ Slug penetrates Main Access Shell. 01047_ Penetrated by Slug. 01047_ Slug penetrates Main Access Shell. 01047_ Penetrated by Slug. 01047_ Slug penetrates Main Access Shell. 01047_ EXIT=FOUND 01050_ Slug penetrates Main Access Shell. [Achievement: Straight Shot] [Achievement: Speedrunner] Map ----- +----------------------------------------------------+ | ##?????# " ###?????? ????????????? | | #??????# # #???????? ????????????? | | #??????# """"" #!% #?############????????? | | !#??????# """" ! #%= # ????????? | | #??????# """"" #! #! ???????? | | #??????# """"" #% " ?????????? | | ###??????# """"" +% % + ???????????? | | ?????????# #] ^ " """ """????????????? | | ?????????# # #??"""T"""????????????? | | ?????????#############" ####??????????????????? | | ???????????????????# % % #??????????????????? | | ???????????????????# % #??????????????????? | | ???????????????????# #??????????????????? | | ???????????????????# % %#??????????????????? | | ???????????????????# #??????????????????? | | ???????????????????# % #??????????????????? | | ???????????????????# #??????????????????? | | ???????????????????#""" " %"""#??????????????????? | | ??????????????????????""" ""?????????????????????? | | ????????????????????????" "??????????????????????? | | ???????????????????#""""" """"#??????????????????? | | ???????????????????# #??????????????????? | | ???????????????????# """" " #??????????????????? | | ???????????????????# " " #??????????????????? | | ""?????????????????# " "" " #??????????????????? | | ""S""??????????????# " "@ " #??????????????????? | | """""??????????????# " #??????????????????? | | ???????????????????# """""" #??????????????????? | | ???????????????????# #??????????????????? | | ???????????????????# #??????????????????? | | ???????????????????""""""""""""??????????????????? | | ?????????????????????????????????????????????????? | | ?????????????????????????????????????????????????? | | ?????????????????????????????????????????????????? | | ?????????????????????????????????????????????????? | | ?????????????????????????????????????????????????? | | ?????????????????????????????????????????????????? | | ?????????????????????????????????????????????????? | | ?????????????????????????????????????????????????? | | ?????????????????????????????????????????????????? | | ?????????????????????????????????????????????????? | | ?????????????????????????????????????????????????? | | ?????????????????????????????????????????????????? | | ?????????????????????????????????????????????????? | | ?????????????????????????????????????????????????? | | ?????????????????????????????????????????????????? | | ?????????????????????????????????????????????????? | | ?????????????????????????????????????????????????? | | ?????????????????????????????????????????????????? | | ?????????????????????????????????????????????????? | +----------------------------------------------------+ Best States ------------- Heat Dissipation 52 Coolant Potential 100 Energy Generation 43 Energy Capacity 620 Matter Stores 300 Matter Capacity 500 Sight Range 20 Robot Scan Range 16 Terrain Scan Density 10 Jamming Range 16 Cloak Strength 3 Armor Coverage 600 Resistance: KI 25 Resistance: TH 25 Evasion (%) 64 Melee Accuracy 8 Offensive Hacking 40 Defensive Hacking 10 Item Schematics ----------------- None Robot Schematics ------------------ None Fabricated ------------ Nothing Alien Tech Used ----------------- None Achievements -------------- Speedrunner Straight Shot Challenges ------------ None Game ------ Seed HardlightModifiedGun Manual? 0 Play Time 00:40:48 Cumulative 405.7 hours Start 2022.10.15 @ 11:51:46 End 2022.10.15 @ 12:30:13 Sessions 1 Manual Loads 0 Difficulty Rogue Special Mode None Game No. 446 Rogue 446 Adventurer 0 Explorer 0 Win Type 0 Total 9 Types 6/1/2/0/0/0/0/0/0 Lore% 58 Gallery% 79 Achievement% 66 Wizard Run 0 Options --------- ASCII 0 Keyboard 0 Movement Numpad Keybinds 0 Fullscreen 2 Font 18/TerminusBold Map View 76x50 Tactical HUD 1 Map Filters NONE Filters NONE Steam 1 RUN: 47755b1e-3031-4e97-80ec-73fcc8a0c0d0